[Event "ICC tourney 2817 (20 5)"]
[Site "Internet Chess Club"]
[Date "2022.02.05"]
[Round "3"]
[White "WEYMAN, GRANT A:grantwey"]
[Black "QI, JENNY:eevee11"]
[Result "1-0"]
[ICCResult "Black checkmated"]
[WhiteElo "1115"]
[BlackElo "1386"]
[Opening "Scandinavian defense"]
[ECO "B01"]
[NIC "SD.03"]
[Time "14:00:13"]
[PlyCount "105"]
[TimeControl "1200+5"]

1. e4 d5 2. exd5 Nf6 3. Nc3 Nxd5 4. Bc4 Nb6 5. Bb3 Nc6 6. d3 e6 7. Nf3 Bb4
8. Bd2 O-O 9. O-O e5 10. h3 Re8 11. Re1 Bf5 12. Ne4 Bxd2 13. Qxd2 h6 14. Ng3
Bh7 15. Qe3 Nd4 16. Nxd4 Qxd4 17. Qf3 Bg6 18. Qxb7 Qxb2 19. Qxc7 Qd4 20. Qc6
Qd7 21. Qxg6 Nd5 22. Bxd5 Qxd5 23. Qe4 Qxe4 24. Rxe4 Rac8 25. Rc1 Rc5 26.
Ra4 Rc7 27. Ne4 Rec8 28. c4 Rd8 29. Rd1 Rcd7 30. Ra3 Rd4 31. Ng3 R4d7 32.
Kf1 g6 33. Ke2 f5 34. Rc3 Rd6 35. c5 Rc6 36. Rdc1 Rd4 37. Rc4 Rxc4 38. Rxc4
a6 39. Nf1 Kf7 40. Nd2 Ke6 41. Nb3 Kd5 42. Ra4 Ke6 43. Ke3 Kd7 44. f4 exf4+
45. Kxf4 Kc7 46. d4 Kb7 47. d5 Rc8 48. c6+ Kb6 49. Nd4 Ra8 50. d6 Ra7 51. d7
Kc7 52. Ne6+ Kb8 53. d8=Q# {Black checkmated} 1-0

[Event "ICC tourney 2817 (20 5)"]
[Site "Internet Chess Club"]
[Date "2022.02.05"]
[Round "3"]
[White "WANG, JACOB S:JACOBCHESS857"]
[Black "GEVORGYAN, DAVIT:Davo29"]
[Result "1-0"]
[ICCResult "Black resigns"]
[WhiteElo "1385"]
[BlackElo "1704"]
[Opening "Caro-Kann: advance variation"]
[ECO "B12"]
[NIC "CK.04"]
[Time "14:00:21"]
[PlyCount "75"]
[TimeControl "1200+5"]

1. e4 c6 2. d4 d5 3. e5 Bf5 4. Nf3 e6 5. Be2 c5 6. O-O Nc6 7. Bf4 Nge7 8. c4
Ng6 9. Bg5 Be7 10. Bxe7 Ngxe7 11. dxc5 Bxb1 12. Rxb1 Qc7 13. cxd5 Nxd5 14.
Bb5 O-O 15. Bxc6 Qxc6 16. Rc1 Rfd8 17. Qc2 Rac8 18. Nd4 Qc7 19. Qe4 Qe7 20.
c6 a6 21. Rfd1 Rc7 22. cxb7 Rxc1 23. Rxc1 Qxb7 24. b3 Qb4 25. Rc4 Qd2 26.
Qe2 Qxe2 27. Nxe2 Nb6 28. Rd4 Nd5 29. Kf1 Kf8 30. Ke1 Ke7 31. Rc4 Rd7 32.
Rd4 a5 33. Ra4 Nb4 34. f3 Nd3+ 35. Kf1 Rd5 36. f4 Kd7 37. Nc3 Rc5 38. Rd4+
{Black resigns}
1-0

[Event "ICC tourney 2817 (20 5)"]
[Site "Internet Chess Club"]
[Date "2022.02.05"]
[Round "4"]
[White "GEVORGYAN, DAVIT:Davo29"]
[Black "ZHAO, DANSON:K01-30127679"]
[Result "1-0"]
[ICCResult "Black checkmated"]
[WhiteElo "1704"]
[BlackElo "1049"]
[Opening "Ruy Lopez: old Steinitz defense"]
[ECO "C62"]
[NIC "RL.02"]
[Time "15:31:20"]
[PlyCount "41"]
[TimeControl "1200+5"]

1. e4 e5 2. Nf3 Nc6 3. Bb5 d6 4. d4 exd4 5. Nxd4 Bd7 6. Nc3 Nxd4 7. Bxd7+
Qxd7 8. Qxd4 Nf6 9. O-O Be7 10. Bg5 O-O 11. e5 Ng4 12. Bxe7 Qxe7 13. Qxg4
Qxe5 14. Rfe1 Qf6 15. Re3 Qh6 16. Rae1 a6 17. Rh3 Qf6 18. Nd5 Qxb2 19. Ne7+
Kh8 20. Rxh7+ Kxh7 21. Qh5# {Black checkmated} 1-0

[Event "ICC tourney 2817 (20 5)"]
[Site "Internet Chess Club"]
[Date "2022.02.05"]
[Round "4"]
[White "QI, JENNY:eevee11"]
[Black "SWAMINATHAN, LAIA:laiaswaminathan"]
[Result "1-0"]
[ICCResult "Black resigns"]
[WhiteElo "1386"]
[BlackElo "1151"]
[Opening "Ruy Lopez: 5.O-O"]
[ECO "C78"]
[NIC "RL.12"]
[Time "15:30:08"]
[PlyCount "57"]
[TimeControl "1200+5"]

1. e4 e5 2. Nf3 Nc6 3. Bb5 a6 4. Ba4 Nf6 5. O-O b5 6. Bb3 Bc5 7. a4 Bb7 8.
c3 O-O 9. d4 exd4 10. cxd4 Nxd4 11. Nxd4 Bxd4 12. Qxd4 Bxe4 13. Bg5 Bxb1 14.
Bxf6 Qxf6 15. Qxf6 gxf6 16. Raxb1 Rfe8 17. Rfe1 Rxe1+ 18. Rxe1 Kf8 19. Ra1
Ke7 20. axb5 Kf8 21. bxa6 c6 22. Bc2 h6 23. b4 Ke7 24. Bd3 Kd6 25. b5 cxb5
26. Bxb5 Kc7 27. a7 d6 28. Be2 Kb7 29. Bf3+ {Black resigns} 1-0

[Event "ICC tourney 2817 (20 5)"]
[Site "Internet Chess Club"]
[Date "2022.02.05"]
[Round "4"]
[White "JAIN, PARINYA:StockAlpha2020"]
[Black "BADAM, GAUTHAM:K01-30070352"]
[Result "1-0"]
[ICCResult "Black checkmated"]
[WhiteElo "1288"]
[BlackElo "138"]
[Opening "Petrov's defense"]
[ECO "C42"]
[NIC "RG.03"]
[Time "15:30:16"]
[PlyCount "63"]
[TimeControl "1200+5"]

1. e4 e5 2. Nf3 Nf6 3. Nxe5 Bd6 4. Nf3 O-O 5. Nc3 Ng4 6. h3 Nh6 7. d4 Nc6 8.
Bc4 Be7 9. O-O Na5 10. Bb3 Nxb3 11. axb3 c5 12. d5 b6 13. d6 Bf6 14. e5 Bxe5
15. Nxe5 Nf5 16. Qd5 Rb8 17. Rxa7 Nd4 18. Ng4 Ne6 19. Ne4 f5 20. Bg5 Qe8 21.
Nef6+ gxf6 22. Nxf6+ Rxf6 23. Bxf6 Qf7 24. Qxf5 Kf8 25. Be7+ Ke8 26. Qe5 Qf4
27. Qh8+ Nf8 28. Bxf8 Qxf8 29. Re1+ Kf7 30. Re7+ Qxe7 31. Qxh7+ Ke8 32.
Qxe7# {Black checkmated} 1-0

[Event "ICC tourney 2817 (20 5)"]
[Site "Internet Chess Club"]
[Date "2022.02.05"]
[Round "4"]
[White "HARRIS, ISAAC LOTT:isaaclharris"]
[Black "Potukuchi, Siddhartha:Firemonsterz"]
[Result "1-0"]
[ICCResult "Black resigns"]
[WhiteElo "1509"]
[BlackElo "1369"]
[Opening "Queen's pawn game, Krause variation"]
[ECO "D02"]
[NIC "QP.08"]
[Time "15:30:04"]
[PlyCount "52"]
[TimeControl "1200+5"]

1. d4 d5 2. Nf3 c5 3. c4 Nf6 4. Bg5 Nc6 5. Bxf6 gxf6 6. cxd5 Qxd5 7. Nc3 Qd8
8. e3 Bf5 9. Bb5 e6 10. e4 Bg4 11. d5 a6 12. dxc6 axb5 13. Qxd8+ Rxd8 14. c7
Rc8 15. Nxb5 c4 16. a3 Kd7 17. Rc1 Bh6 18. Rxc4 e5 19. O-O Rhg8 20. Rd1+ Ke7
21. Nd6 Bxf3 22. Nxc8+ Rxc8 23. gxf3 Rg8+ 24. Kf1 Rc8 25. b4 Bf4 26. b5 b6
{Black resigns}
1-0

[Event "ICC tourney 2817 (20 5)"]
[Site "Internet Chess Club"]
[Date "2022.02.05"]
[Round "4"]
[White "Garner, Christian:ChristianJRG"]
[Black "WANG, JACOB S:JACOBCHESS857"]
[Result "0-1"]
[ICCResult "White resigns"]
[WhiteElo "1608"]
[BlackElo "1385"]
[Opening "English: Bremen system with ...g6"]
[ECO "A24"]
[NIC "EO.14"]
[Time "15:30:12"]
[PlyCount "60"]
[TimeControl "1200+5"]

1. c4 e5 2. Nc3 Nf6 3. g3 g6 4. Bg2 Bg7 5. e4 c6 6. d3 O-O 7. Nge2 Re8 8.
O-O Na6 9. h3 Nc7 10. f4 d5 11. fxe5 Rxe5 12. d4 Re8 13. e5 Ne4 14. Nxe4
dxe4 15. Bxe4 f6 16. exf6 Bxf6 17. Bg2 Bg7 18. Rb1 Bf5 19. Ra1 Qd7 20. Kh2
Rad8 21. Bf4 Ne6 22. Be5 Nxd4 23. Nxd4 Bxe5 24. Nxf5 gxf5 25. Qxd7 Rxd7 26.
Rxf5 Rg7 27. Rf3 Kh8 28. Re1 Bxg3+ 29. Rxg3 Rxe1 30. Rb3 Re2 {White resigns}
0-1

[Event "ICC tourney 2817 (20 5)"]
[Site "Internet Chess Club"]
[Date "2022.02.05"]
[Round "4"]
[White "HANKE, HARVEY:ThinkingPanda"]
[Black "RAMAN, ARJUN:jojoraman"]
[Result "0-1"]
[ICCResult "White forfeits on time"]
[WhiteElo "1551"]
[BlackElo "1619"]
[Opening "KGA: Abbazia defense, modern variation"]
[ECO "C31"]
[NIC "KG.04"]
[Time "15:30:07"]
[PlyCount "42"]
[TimeControl "1200+5"]

1. e4 e5 2. f4 d5 3. exd5 exf4 4. Nf3 Nf6 5. Bb5+ c6 6. dxc6 Nxc6 7. d4 Bd6
8. O-O O-O 9. Bxc6 bxc6 10. Nc3 Bg4 11. Ne2 Nd5 12. Qd3 h6 13. c4 Nb4 14.
Qc3 g5 15. b3 Bf5 16. Ne1 Re8 17. Qf3 Qd7 18. Nc3 c5 19. d5 Be5 20. Bb2 Bg4
21. Ne4 Bxf3 {White forfeits on time} 0-1

[Event "ICC tourney 2817 (20 5)"]
[Site "Internet Chess Club"]
[Date "2022.02.05"]
[Round "4"]
[White "WANG, ROCKY:RockyWang"]
[Black "WEYMAN, GRANT A:grantwey"]
[Result "1-0"]
[ICCResult "Black checkmated"]
[WhiteElo "1461"]
[BlackElo "1115"]
[Opening "Sicilian: accelerated fianchetto, modern variation with Bc4"]
[ECO "B35"]
[NIC "SI.33"]
[Time "15:30:06"]
[PlyCount "81"]
[TimeControl "1200+5"]

1. e4 c5 2. Nf3 Nc6 3. d4 cxd4 4. Nxd4 g6 5. Nc3 Bg7 6. Be3 Nf6 7. Bc4 O-O
8. O-O d6 9. Bb3 Bd7 10. f3 a6 11. Qd2 b5 12. Rad1 Rb8 13. Rfe1 a5 14. Ndxb5
Ne5 15. a4 Nc6 16. Nd4 Qc7 17. Ncb5 Qb7 18. Nxc6 Bxc6 19. Qxa5 Bxb5 20. axb5
Qxb5 21. Ra1 Ne8 22. Qxb5 Rxb5 23. Reb1 Nc7 24. Ra7 Rc8 25. Ba4 Rxb2 26.
Rxb2 Bxb2 27. Bd7 Nb5 28. Ra2 Rxc2 29. Bxb5 h5 30. Kf1 Rc3 31. Bd2 Rb3 32.
Ra8+ Kg7 33. Bc4 Rb7 34. Bd5 Rc7 35. Ke2 e6 36. Bb3 Rb7 37. Bc4 Rc7 38. Bd3
Bd4 39. Rd8 Bc5 40. Bc3+ Kh7 41. Rh8# {Black checkmated} 1-0

[Event "ICC tourney 2817 (20 5)"]
[Site "Internet Chess Club"]
[Date "2022.02.05"]
[Round "4"]
[White "KUMAR, SRIRAM K:sirking2800"]
[Black "RAMASWAMY, NAKUL:IndianTerritory"]
[Result "1-0"]
[ICCResult "Black forfeits on time"]
[WhiteElo "1732"]
[BlackElo "2231"]
[Opening "Caro-Kann: exchange, Rubinstein variation"]
[ECO "B13"]
[NIC "CK.02"]
[Time "15:30:13"]
[PlyCount "149"]
[TimeControl "1200+5"]

1. e4 c6 2. d4 d5 3. exd5 cxd5 4. Bd3 Nf6 5. c3 Nc6 6. Bf4 e6 7. Nf3 Bd6 8.
Bg5 Be7 9. O-O O-O 10. Qc2 h6 11. Bf4 b6 12. Nbd2 Bb7 13. Rae1 Rc8 14. Qb1
Nh5 15. Be5 Bd6 16. g3 a6 17. a4 Na5 18. Qd1 Nf6 19. Qe2 Nc4 20. Bxf6 Qxf6
21. Nxc4 dxc4 22. Be4 Qe7 23. Nd2 Bxe4 24. Nxe4 Qd7 25. f4 Bb8 26. Qc2 Qc6
27. f5 exf5 28. Rxf5 f6 29. d5 Qd7 30. Qf2 Rce8 31. Qf3 Qxa4 32. Qg4 Kh8 33.
Qg6 Be5 34. Rh5 Qd7 35. Rf1 Qf7 36. Qf5 Qxd5 37. Qg6 Qf7 38. Qf5 b5 39. Ng5
fxg5 40. Qxf7 Rxf7 41. Rxf7 b4 42. h4 Kh7 43. g4 gxh4 44. Rxh4 Kg6 45. Ra7
Kg5 46. Rh3 Kxg4 47. Kg2 bxc3 48. bxc3 Rd8 49. Re3 Rd2+ 50. Kf1 Kf4 51. Re1
Rd3 52. Rxa6 Rf3+ 53. Kg2 Rxc3 54. Ra2 Rd3 55. Rf2+ Kg5 56. Rxe5+ Kg6 57.
Re6+ Kh5 58. Rc6 c3 59. Rc2 g5 60. R6xc3 Rd6 61. Kg3 Re6 62. Kf3 Rf6+ 63.
Kg3 Re6 64. Rf2 Rd6 65. Re3 Rc6 66. Kf3 Rf6+ 67. Kg3 Rc6 68. Rh2+ Kg6 69.
Kf3 Rf6+ 70. Ke2 Rc6 71. Reh3 Kg7 72. Kf3 Ra6 73. Kg4 Ra4+ 74. Kh5 Ra7 75.
Re2 {Black forfeits on time} 1-0

[Event "ICC tourney 2817 (20 5)"]
[Site "Internet Chess Club"]
[Date "2022.02.05"]
[Round "5"]
[White "ZHAO, DANSON:K01-30127679"]
[Black "PARK, COLIN:collywog"]
[Result "0-1"]
[ICCResult "White checkmated"]
[WhiteElo "1049"]
[BlackElo "1161"]
[Opening "French defense"]
[ECO "C00"]
[NIC "FR.01"]
[Time "17:03:31"]
[PlyCount "116"]
[TimeControl "1200+5"]

1. e4 e6 2. Nf3 d5 3. exd5 exd5 4. d4 Nc6 5. Bd3 Nf6 6. Bf4 Bg4 7. Nbd2 Nxd4
8. c3 Qe7+ 9. Be3 Nxf3+ 10. Nxf3 Nh5 11. O-O g6 12. h3 Bxf3 13. Qxf3 Bg7 14.
Rfe1 O-O 15. Qxd5 Rad8 16. Qe4 Qxe4 17. Bxe4 Rfe8 18. Bf3 c6 19. Bxh5 gxh5
20. Bxa7 Rxe1+ 21. Rxe1 f6 22. Be3 Ra8 23. a3 Ra5 24. Rd1 Rb5 25. Rd2 Kf7
26. Rd7+ Kg6 27. Kf1 Rxb2 28. Bc5 Rb3 29. Rxb7 Rxb7 30. Bb4 f5 31. f3 Bh6
32. Ke1 Bf4 33. Ke2 Bg3 34. Ke3 f4+ 35. Ke4 Kf6 36. Kd4 Ke6 37. Kc5 Rd7 38.
a4 Rd2 39. a5 Rxg2 40. a6 Ra2 41. Kb6 Kd5 42. Bc5 Rb2+ 43. Kc7 Kxc5 44. a7
Ra2 45. Kb7 Rxa7+ 46. Kxa7 Kc4 47. Kb6 Kxc3 48. Kxc6 Kd3 49. Kd5 Ke3 50. Ke5
Kxf3 51. Kf5 Ke3 52. Kg5 f3 53. Kxh5 f2 54. Kg4 f1=Q 55. Kxg3 Qf4+ 56. Kg2
Qf2+ 57. Kh1 Kf3 58. h4 Qg2# {White checkmated} 0-1

[Event "ICC tourney 2817 (20 5)"]
[Site "Internet Chess Club"]
[Date "2022.02.05"]
[Round "5"]
[White "RAMAN, ARJUN:jojoraman"]
[Black "KUMAR, SRIRAM K:sirking2800"]
[Result "0-1"]
[ICCResult "White checkmated"]
[WhiteElo "1619"]
[BlackElo "1732"]
[Opening "Scotch game"]
[ECO "C45"]
[NIC "SO.04"]
[Time "17:00:51"]
[PlyCount "56"]
[TimeControl "1200+5"]

1. e4 e5 2. Nf3 Nc6 3. d4 exd4 4. Nxd4 Qf6 5. Be3 Bc5 6. c3 Nge7 7. Bc4 d6
8. O-O Ne5 9. Be2 Qg6 10. f3 O-O 11. Nd2 Kh8 12. Kh1 f5 13. Nxf5 Nxf5 14.
Bxc5 dxc5 15. exf5 Bxf5 16. Nb3 Rad8 17. Qe1 Rfe8 18. Qf2 c4 19. Nd4 Bd3 20.
Bxd3 Nxd3 21. Qc2 c5 22. Nb5 Re5 23. Na3 Rde8 24. g3 Re2 25. Qa4 Rxh2+ 26.
Kxh2 Re2+ 27. Kg1 Qxg3+ 28. Kh1 Qg2# {White checkmated} 0-1

[Event "ICC tourney 2817 (20 5)"]
[Site "Internet Chess Club"]
[Date "2022.02.05"]
[Round "5"]
[White "RAMASWAMY, NAKUL:IndianTerritory"]
[Black "HANKE, HARVEY:ThinkingPanda"]
[Result "1-0"]
[ICCResult "Black checkmated"]
[WhiteElo "2231"]
[BlackElo "1551"]
[Opening "Giuoco Pianissimo: Canal variation"]
[ECO "C50"]
[NIC "IG.02"]
[Time "17:00:53"]
[PlyCount "79"]
[TimeControl "1200+5"]

1. e4 e5 2. Nf3 Nc6 3. Bc4 Bc5 4. d3 Nf6 5. Nc3 d6 6. Bg5 Be6 7. Nd5 Bxd5 8.
exd5 Na5 9. Bb5+ c6 10. dxc6 bxc6 11. Ba4 Qb6 12. O-O Nd7 13. Rb1 Qb4 14. c3
Qg4 15. b4 Nb6 16. h3 Qf5 17. bxa5 Nxa4 18. Qxa4 O-O 19. Qe4 Qd7 20. d4 f5
21. Qc2 f4 22. dxc5 h6 23. Bh4 g5 24. Qg6+ Kh8 25. Qxh6+ Kg8 26. Qxg5+ Kh7
27. Qh5+ Kg8 28. Qg6+ Qg7 29. Qxg7+ Kxg7 30. cxd6 e4 31. Nd4 f3 32. Ne6+ Kh7
33. Nxf8+ Rxf8 34. Rb7+ Kh6 35. d7 Rg8 36. g4 a6 37. Rd1 c5 38. Rd6+ Kh7 39.
d8=Q+ Kh8 40. Rh6# {Black checkmated} 1-0

[Event "ICC tourney 2817 (20 5)"]
[Site "Internet Chess Club"]
[Date "2022.02.05"]
[Round "5"]
[White "Potukuchi, Siddhartha:Firemonsterz"]
[Black "Garner, Christian:ChristianJRG"]
[Result "1-0"]
[ICCResult "Black resigns"]
[WhiteElo "1369"]
[BlackElo "1608"]
[Opening "Sicilian defense"]
[ECO "B30"]
[NIC "SI.31"]
[Time "17:00:51"]
[PlyCount "93"]
[TimeControl "1200+5"]

1. e4 c5 2. Nf3 Nc6 3. Bc4 e6 4. Nc3 Nf6 5. d4 cxd4 6. Nxd4 Bc5 7. Nb3 Bb6
8. Bg5 O-O 9. O-O Ne5 10. Be2 Ng6 11. Nb5 a6 12. Nd6 Qe7 13. c4 Bc7 14. c5
h6 15. Bxf6 Qxf6 16. f4 Ne7 17. e5 Qg6 18. Bd3 f5 19. Be2 Bxd6 20. cxd6 Nd5
21. Bh5 Qh7 22. Qe1 b6 23. Qg3 Bb7 24. Bg6 Qh8 25. h4 h5 26. Nd2 Qh6 27.
Rac1 Rac8 28. a3 Bc6 29. Nb3 Nf6 30. Qg5 Qxg5 31. hxg5 Ne4 32. Bxh5 Ng3 33.
Bg6 Nxf1 34. Rxf1 Be4 35. Nd2 Bd5 36. Nf3 Rc4 37. Nh4 Rfc8 38. Bh5 Rc1 39.
Ng6 Rxf1+ 40. Kxf1 Rc1+ 41. Kf2 Rh1 42. Ne7+ Kh7 43. Bg6+ Kh8 44. Nxd5 exd5
45. e6 Rc1 46. exd7 Rc2+ 47. Kg3 {Black resigns} 1-0

[Event "ICC tourney 2817 (20 5)"]
[Site "Internet Chess Club"]
[Date "2022.02.05"]
[Round "5"]
[White "JAIN, PARINYA:StockAlpha2020"]
[Black "QI, JENNY:eevee11"]
[Result "1-0"]
[ICCResult "Black checkmated"]
[WhiteElo "1288"]
[BlackElo "1386"]
[Opening "Giuoco Piano: Anderssen variation"]
[ECO "C54"]
[NIC "IG.02"]
[Time "17:00:54"]
[PlyCount "155"]
[TimeControl "1200+5"]

1. e4 e5 2. Nf3 Nc6 3. Bc4 Bc5 4. c3 Nf6 5. d4 exd4 6. e5 d5 7. Bb5 Ne4 8.
cxd4 Bb4+ 9. Bd2 Bxd2+ 10. Nbxd2 Bd7 11. O-O O-O 12. Bxc6 Bxc6 13. Rc1 Qd7
14. Re1 Nxd2 15. Qxd2 Rfe8 16. Qf4 h6 17. h4 Qe6 18. Nd2 a5 19. Re3 Kh7 20.
Rg3 Rf8 21. Nb3 Qe7 22. Qf5+ g6 23. Qf4 Be8 24. h5 c6 25. Rh3 g5 26. Qf5+
Kh8 27. Rg3 Bd7 28. Qf3 f6 29. e6 Bxe6 30. Re1 Qf7 31. Nc5 Bc8 32. Qd3 b6
33. Nb3 Bd7 34. Rge3 Rae8 35. Qa6 Rxe3 36. Rxe3 Re8 37. Qxb6 Rxe3 38. fxe3
Qxh5 39. Qd8+ Qe8 40. Qxf6+ Kg8 41. Qf2 Qf7 42. Qd2 Qe7 43. Nxa5 Qe4 44. a3
Qb1+ 45. Kh2 Qe4 46. Qf2 Qh4+ 47. Qxh4 gxh4 48. Nb7 Kf7 49. Nc5 Bc8 50. b4
Ke7 51. a4 Kd6 52. a5 Kc7 53. Nd3 Kb7 54. Ne5 Be6 55. g4 Kc7 56. Kh3 Bc8 57.
Kxh4 Kd6 58. Kh5 Kc7 59. Kxh6 Be6 60. g5 Bf5 61. g6 Be6 62. g7 Kd6 63. Kh7
Kc7 64. g8=Q Bxg8+ 65. Kxg8 Kb7 66. Kf7 Kc7 67. Ke6 Kb7 68. Kd6 Ka6 69. Nxc6
Kb7 70. Kxd5 Ka6 71. e4 Kb7 72. e5 Kc8 73. e6 Kc7 74. e7 Kd7 75. a6 Kc7 76.
e8=Q Kb6 77. Qb8+ Kxa6 78. b5# {Black checkmated} 1-0

[Event "ICC tourney 2817 (20 5)"]
[Site "Internet Chess Club"]
[Date "2022.02.05"]
[Round "5"]
[White "WANG, JACOB S:JACOBCHESS857"]
[Black "HARRIS, ISAAC LOTT:isaaclharris"]
[Result "0-1"]
[ICCResult "White resigns"]
[WhiteElo "1385"]
[BlackElo "1509"]
[Opening "French: exchange variation"]
[ECO "C01"]
[NIC "FR.01"]
[Time "17:01:26"]
[PlyCount "66"]
[TimeControl "1200+5"]

1. e4 e6 2. d4 d5 3. exd5 exd5 4. Nf3 Nf6 5. Bd3 Bd6 6. O-O O-O 7. Bg5 Re8
8. Nc3 c6 9. Qd2 Bg4 10. Be2 Nbd7 11. h3 Bh5 12. Nh4 Bxe2 13. Nxe2 Qb6 14.
Bxf6 Nxf6 15. c3 Re4 16. Nf5 Bf8 17. Neg3 Ree8 18. b3 g6 19. Ne3 Bh6 20.
Rfe1 Re6 21. Qd3 Bf4 22. Nef1 Rae8 23. Rxe6 Rxe6 24. Ne2 Bb8 25. Re1 Qc7 26.
g3 Qe7 27. Ne3 h5 28. Rf1 h4 29. Kg2 hxg3 30. Nxg3 Bxg3 31. Kxg3 Nh5+ 32.
Kh2 Nf4 33. Qd2 Qh4 {White resigns} 0-1

[Event "ICC tourney 2817 (20 5)"]
[Site "Internet Chess Club"]
[Date "2022.02.05"]
[Round "5"]
[White "SWAMINATHAN, LAIA:laiaswaminathan"]
[Black "WEYMAN, GRANT A:grantwey"]
[Result "1/2-1/2"]
[ICCResult "Game drawn because neither player has mating material"]
[WhiteElo "1151"]
[BlackElo "1115"]
[Opening "QGD semi-Slav"]
[ECO "D43"]
[NIC "SL.03"]
[Time "17:00:55"]
[PlyCount "138"]
[TimeControl "1200+5"]

1. d4 d5 2. c4 c6 3. Nc3 Nf6 4. Nf3 e6 5. a3 Be7 6. Bf4 O-O 7. e3 Nbd7 8.
Bd3 Nb6 9. c5 Nbd7 10. O-O b6 11. b4 a5 12. bxa5 Rxa5 13. cxb6 Qxb6 14. Rb1
Qd8 15. Qc2 Rxa3 16. Ra1 Rxa1 17. Rxa1 Bb7 18. Ra7 Qb6 19. Ra2 Ra8 20. Rb2
Qa7 21. Ra2 Qb6 22. Rb2 Ra1+ 23. Bf1 Qa6 24. Qe2 Qxe2 25. Nxe2 Ba6 26. Rc2
Bd3 27. Rc1 Rxc1 28. Nxc1 Bxf1 29. Kxf1 c5 30. Ne5 Nxe5 31. Bxe5 c4 32. Bxf6
Bxf6 33. Ke2 Kf8 34. Na2 Ke7 35. Nb4 Kd6 36. Kd2 e5 37. Kc3 exd4+ 38. exd4
h6 39. f4 Bd8 40. Nc2 g5 41. fxg5 hxg5 42. Ne3 f6 43. g4 Bc7 44. Nf5+ Ke6
45. h3 Ba5+ 46. Kc2 Bb4 47. Kb2 Bd2 48. Kc2 Bf4 49. Ng7+ Kf7 50. Nf5 Bc7 51.
h4 gxh4 52. Nxh4 Bd8 53. Kc3 Ke6 54. Nf5 Bc7 55. Kb4 Bd6+ 56. Kc3 Bf8 57.
Ne3 Kd6 58. Nf5+ Kc6 59. Kc2 Kb5 60. Ng3 Kb4 61. Nh5 c3 62. Nxf6 Kc4 63.
Nxd5 Kxd5 64. Kxc3 Bg7 65. Kd3 Bxd4 66. g5 Bg7 67. Ke3 Ke5 68. g6 Kf6 69.
Kf4 Kxg6 {Game drawn because neither player has mating material} 1/2-1/2

[Event "ICC tourney 2817 (20 5)"]
[Site "Internet Chess Club"]
[Date "2022.02.05"]
[Round "5"]
[White "GEVORGYAN, DAVIT:Davo29"]
[Black "WANG, ROCKY:RockyWang"]
[Result "0-1"]
[ICCResult "White forfeits on time"]
[WhiteElo "1704"]
[BlackElo "1461"]
[Opening "Ruy Lopez: exchange variation, 5.O-O"]
[ECO "C68"]
[NIC "RL.08"]
[Time "17:01:02"]
[PlyCount "136"]
[TimeControl "1200+5"]

1. e4 e5 2. Nf3 Nc6 3. Bb5 a6 4. Bxc6 dxc6 5. O-O Bg4 6. h3 Bxf3 7. Qxf3 Nf6
8. Nc3 Bc5 9. d3 h6 10. Qg3 g5 11. Qxe5+ Qe7 12. Qxe7+ Kxe7 13. Be3 Bb4 14.
f4 Rhg8 15. fxg5 hxg5 16. g4 Nd7 17. Ne2 Bd6 18. Kg2 f6 19. Ng3 Bxg3 20.
Kxg3 Raf8 21. Rh1 Rh8 22. h4 gxh4+ 23. Rxh4 Rxh4 24. Kxh4 Rh8+ 25. Kg3 Ne5
26. Bd4 Nd7 27. Rf1 Ke6 28. Rf5 Rh7 29. Rh5 Nf8 30. Rxh7 Nxh7 31. Be3 Nf8
32. g5 fxg5 33. Bxg5 Kd7 34. Kf4 Ne6+ 35. Kg4 c5 36. Be3 Kd6 37. Kf5 b5 38.
e5+ Kd7 39. c3 c6 40. d4 c4 41. Ke4 Nc7 42. Bd2 Ke6 43. Bh6 Nd5 44. Bf8 a5
45. a3 Nb6 46. Bc5 Na4 47. Ba7 Nxb2 48. Bb6 b4 49. axb4 a4 50. b5 Nd1 51.
Ba5 Nf2+ 52. Kf3 cxb5 53. Bb4 Nd3 54. Ba3 b4 55. cxb4 Ne1+ 56. Ke4 Nc2 57.
d5+ Kd7 58. e6+ Kd6 59. Bc1 a3 60. Bf4+ Ke7 61. Ke5 a2 62. d6+ Kf8 63. e7+
Kf7 64. Kd5 a1=Q 65. Kc6 Qa8+ 66. Kd7 Qe8+ 67. Kc7 Nxb4 68. d7 Nd5+
{White forfeits on time}
0-1